Map: Data-C

Players

Reynor - Winner!

  • Race: Zerg Zerg
  • League: Master
  • Spawn Location: 9:00

MaxPax

  • Race: Protoss Protoss
  • League: Grandmaster
  • Spawn Location: 3:00

VOD

Have the link to the VOD?

Description

Time

  • Played on: Oct. 19, 2022, 4:28 p.m.
  • Length: 8:36
Show
View Real Time Build Order
Export as new Build Order

Reynor Zerg - Winner!

Build Orders: Hatch First 

Get SALT Encoding   

  12  0:00  Drone  
  13  0:13  Overlord  
  13  0:17  Drone  
  14  0:31  Drone  
  14  0:32  Drone  
  16  0:48  Hatchery  
  15  0:51  Drone  
  15  0:55  Drone  
  17  0:58  Drone  
  18  1:10  Extractor  
  17  1:14  Spawning Pool  
  17  1:17  Drone  
  17  1:20  Drone  
  18  1:29  Drone  
  19  1:40  Drone  
  20  1:51  Overlord  
  20  2:01  Zergling x2  
  21  2:02  Zergling x2, Queen x2  
  26  2:11  Metabolic Boost  
  26  2:13  Zergling x2  
  27  2:15  Zergling x2  
  28  2:23  Zergling x4  
  30  2:39  Hatchery  
  30  2:41  Zergling x2  
  30  2:44  Zergling x2  
  30  2:47  Zergling x2  
  32  2:53  Overlord  
  32  2:56  Zergling x2  
  33  3:04  Zergling x4  
  35  3:15  Zergling x10  
  35  3:17  Zergling x2  
  41  3:20  Zergling x2  
  41  3:24  Zergling x2  
  43  3:27  Zergling x2  
  43  3:32  Zergling x2  
  42  3:36  Zergling x2  
  42  3:43  Zergling x2  
  42  3:44  Zergling x2  
  42  3:47  Zergling x6  
  43  3:54  Zergling x4  
  43  3:55  Zergling x4  
  45  3:59  Drone  
  45  4:01  Drone  
  45  4:04  Drone  
  45  4:07  Drone  
  47  4:10  Drone  
  47  4:12  Drone  
  47  4:16  Drone  
  46  4:23  Drone x3  
  48  4:27  Overlord  
  48  4:29  Drone  
  47  4:31  Drone  
  47  4:37  Drone x2  
  49  4:40  Drone  
  49  4:41  Overlord  
  49  4:47  Drone x2  
  49  4:48  Drone  
  52  4:54  Drone  
  52  4:55  Drone  
  52  4:57  Spore Crawler  
  52  4:59  Queen  
  51  5:02  Spore Crawler  
  52  5:08  Drone x4  
  52  5:12  Queen  
  55  5:16  Spore Crawler  
  55  5:17  Drone  
  55  5:18  Drone  
  55  5:21  Drone  
  57  5:27  Queen  
  59  5:31  Overlord  
  59  5:44  Overlord  
  59  5:47  Drone x3  
  59  5:48  Drone x6  
  66  5:52  Drone  
  66  5:53  Spore Crawler  
  66  5:59  Overlord  
  66  6:03  Drone  
  66  6:04  Lair  
  66  6:05  Extractor  
  66  6:07  Extractor  
  66  6:08  Roach Warren  
  66  6:11  Queen  
  65  6:13  Drone  
  65  6:14  Drone  
  65  6:15  Drone  
  65  6:17  Overlord  
  68  6:24  Zergling x12  
  74  6:26  Zergling x2  
  74  6:29  Overlord  
  75  6:36  Overlord  
  75  6:40  Pneumatized Carapace  
  75  6:48  Roach  
  75  6:49  Roach x6  
  75  6:52  Zergling x10  
  90  6:59  Zergling x6  
  90  7:01  Zergling x2  
  89  7:04  Zergling x2  
  89  7:07  Queen  
  91  7:12  Queen  
  91  7:18  Ravager x2  
  91  7:19  Zergling x6  
  91  7:21  Ravager  
  97  7:25  Queen  
  97  7:27  Overlord  
  99  7:31  Zergling x4  
  99  7:33  Zergling x4, Ravager  
  99  7:35  Zergling x2  
  105  7:39  Ravager  
  105  7:41  Overlord  
  106  7:51  Zergling x10  
  108  7:56  Zergling x4  
  104  8:03  Drone x2  
  105  8:07  Ravager  
  105  8:09  Drone  
  107  8:13  Drone  
  107  8:18  Drone x2  
Show
View Real Time Build Order
Export as new Build Order

MaxPax Protoss 

Build Orders: 1 Gate Expand, Oracle Opening 

Get SALT Encoding   

  12  0:00  Probe  
  13  0:12  Probe  
  14  0:19  Pylon  
  14  0:24  Probe  
  15  0:37  Probe (Chrono Boost)  
  15  0:39  Gateway  
  16  0:46  Probe (Chrono Boost)  
  16  0:47  Assimilator  
  17  0:51  Probe (Chrono Boost)  
  18  1:03  Probe  
  19  1:15  Probe  
  20  1:23  Nexus  
  20  1:33  Cybernetics Core  
  20  1:36  Probe  
  21  1:41  Assimilator  
  21  1:48  Probe  
  21  1:51  Pylon  
  22  2:00  Probe  
  23  2:07  Adept (Chrono Boost)  
  23  2:10  Warp Gate  
  23  2:13  Probe (Chrono Boost)  
  26  2:25  Probe (Chrono Boost)  
  26  2:29  Stalker  
  29  2:34  Probe (Chrono Boost)  
  31  2:37  Probe (Chrono Boost)  
  31  2:39  Stargate  
  33  2:44  Probe x2 (Chrono Boost)  
  33  2:49  Probe (Chrono Boost)  
  33  2:51  Probe  
  35  3:01  Probe  
  35  3:03  Probe  
  35  3:04  Adept  
  39  3:06  Pylon  
  39  3:13  Probe  
  39  3:15  Probe  
  39  3:19  Gateway  
  41  3:22  Oracle (Chrono Boost)  
  35  3:34  Probe  
  35  3:35  Probe  
  35  3:45  Pylon  
  35  3:46  Probe  
  35  3:48  Pylon  
  37  3:51  Oracle (Chrono Boost)  
  38  3:58  Shield Battery, Adept  
  38  4:01  Probe  
  40  4:07  Probe  
  41  4:13  Probe  
  41  4:14  Adept  
  44  4:21  Oracle (Chrono Boost)  
  47  4:32  Gateway  
  47  4:34  Gateway  
  47  4:35  Pylon  
  47  4:40  Pylon  
  47  4:46  Pylon  
  47  4:49  Zealot  
  46  4:55  Probe x2  
  41  5:08  Probe (Chrono Boost)  
  41  5:13  Probe (Chrono Boost)  
  42  5:16  Cybernetics Core  
  42  5:17  Probe (Chrono Boost)  
  44  5:21  Probe (Chrono Boost)  
  44  5:22  Probe (Chrono Boost)  
  44  5:26  Oracle (Chrono Boost)  
  45  5:32  Probe  
  45  5:34  Probe  
  50  5:44  Probe  
  50  5:46  Probe  
  52  5:56  Probe (Chrono Boost), Stalker  
  52  5:57  Pylon  
  55  5:58  Adept  
  55  6:04  Probe (Chrono Boost)  
  58  6:07  Probe (Chrono Boost)  
  60  6:12  Probe x2 (Chrono Boost)  
  61  6:19  Adept x2  
  61  6:22  Probe  
  61  6:24  Probe (Chrono Boost)  
  67  6:32  Nexus  
  67  6:37  Probe (Chrono Boost)  
  69  6:40  Probe (Chrono Boost)  
  69  6:44  Probe (Chrono Boost)  
  71  6:48  Probe (Chrono Boost)  
  71  6:58  Probe  
  71  7:00  Probe  
  64  7:08  Stalker x2  
  64  7:10  Probe  
  64  7:11  Assimilator x2  
  64  7:13  Twilight Council, Pylon  
  64  7:15  Forge  
  62  7:16  Pylon  
  62  7:24  Pylon  
  62  7:27  Gateway  
  62  7:29  Gateway  
  61  7:36  Shield Battery, Sentry x2  
  69  7:45  Void Ray (Chrono Boost)  
  69  7:49  Probe x2  
  66  8:01  Shield Battery, Probe  
  66  8:02  Pylon  
  60  8:07  Stalker x2  
  60  8:11  Shield Battery  
  64  8:22  Sentry  
  64  8:26  Stalker  
  66  8:30  Stalker x2  
Tags
 
Add a new tag
Caveats
  • Supply blocks, unpowered buildings, or Contaminate may cause inaccurate times.
  • Supply counts are checked every 10 seconds.